[ AOE2 MATCH · #495308937 ]
UnrankedHuns vs Bohemians
Rival team · LOSS
[ REPLAY ANALYSIS · EXTRACTED FROM THE RECORDED GAME ]
Feudal
9:16
Castle
19:30
Imperial
—
| APM avg | 65.2 |
| APM peak | 99 |
| eAPM avg | 34.7 |
| Villagers / military | 57 / 47 |
Focus
⚔️ 48.6% · 🌾 51.4%
Archer ×23 · Skirmisher ×17 · Militia ×4 · Mangonel ×2 · Scorpion ×1
Feudal
11:48
Castle
19:10
Imperial
—
| APM avg | 55.5 |
| APM peak | 95 |
| eAPM avg | 19.1 |
| Villagers / military | 56 / 46 |
Focus
⚔️ 44.3% · 🌾 55.7%
Archer ×42 · Militia ×4
Match map
Initial resources + every placement click. Lines = walls · curves = elevation contours. ◆ gold · ⬟ stone · ● berries · ✦ relic · ◌ wall gap
Your base· Open — opponent sealed themselves in
Moneimon's base· ✓ Closed at 19:10 · 36t walls · no gate
Smoothed initial terrain · ◌ = detected wall gap · hover for details
Inputs per minute
— LE | Dimo - - Moneimon
Build order — LE | Dimo
First 150 of 198 actions detected
| 0:00 | Create | Villager (Male) |
| 0:08 | Create | Villager (Male) |
| 0:08 | Create | Villager (Male) |
| 0:14 | Create | Villager (Male) |
| 1:22 | Create | Villager (Male) |
| 1:22 | Create | Villager (Male) |
| 1:46 | Create | Villager (Male) |
| 2:18 | Create | Villager (Male) |
| 2:18 | Create | Villager (Male) |
| 2:45 | Create | Villager (Male) |
| 2:45 | Create | Villager (Male) |
| 2:48 | Create | Villager (Male) |
| 2:49 | Create | Villager (Male) |
| 3:25 | Build | Palisade Wall |
| 3:27 | Create | Villager (Male) |
| 3:33 | Build | Palisade Wall |
| 3:38 | Build | Lumber Camp |
| 3:47 | Build | Lumber Camp |
| 4:03 | Create | Villager (Male) |
| 4:04 | Create | Villager (Male) |
| 4:04 | Create | Villager (Male) |
| 4:31 | Create | Villager (Male) |
| 4:31 | Create | Villager (Male) |
| 5:13 | Create | Villager (Male) |
| 5:37 | Build | Barracks |
| 5:48 | Create | Villager (Male) |
| 5:51 | Create | Villager (Male) |
| 6:27 | Build | Palisade Wall |
| 6:41 | Research | Loom |
| 6:57 | Build | Mining Camp |
| 7:02 | Create | Villager (Male) |
| 7:03 | Research | Feudal Age |
| 7:06 | Create | Militia |
| 7:28 | Create | Militia |
| 7:29 | Create | Militia |
| 7:50 | Create | Militia |
| 8:21 | Build | Mill |
| 9:04 | Create | Villager (Male) |
| 9:16 | Age | Feudal Age |
| 9:18 | Build | Archery Range |
| 9:21 | Build | Palisade Wall |
| 9:24 | Research | Man-at-Arms (upgrade) |
| 9:26 | Build | Palisade Wall |
| 9:27 | Build | Palisade Wall |
| 9:28 | Build | Palisade Wall |
| 9:29 | Research | Double-Bit Axe |
| 9:31 | Build | Palisade Wall |
| 9:36 | Create | Villager (Male) |
| 9:46 | Build | Palisade Gate |
| 9:47 | Build | Palisade Wall |
| 9:52 | Create | Villager (Male) |
| 9:55 | Build | Farm |
| 9:57 | Build | Palisade Wall |
| 9:59 | Build | Palisade Wall |
| 10:03 | Build | Palisade Wall |
| 10:04 | Build | Palisade Wall |
| 10:16 | Build | Palisade Wall |
| 10:19 | Create | Villager (Male) |
| 10:24 | Build | Palisade Wall |
| 10:28 | Build | Palisade Wall |
| 10:28 | Build | Palisade Wall |
| 10:30 | Build | Palisade Wall |
| 10:32 | Build | Palisade Wall |
| 10:33 | Build | Palisade Wall |
| 10:34 | Build | Palisade Wall |
| 10:39 | Build | Palisade Wall |
| 10:43 | Create | Archer |
| 10:44 | Create | Villager (Male) |
| 10:45 | Create | Villager (Male) |
| 10:45 | Build | Farm |
| 10:46 | Build | Farm |
| 10:48 | Build | Farm |
| 10:59 | Create | Villager (Male) |
| 11:00 | Build | Farm |
| 11:09 | Build | Farm |
| 11:11 | Create | Archer |
| 11:11 | Create | Archer |
| 11:34 | Create | Villager (Male) |
| 11:34 | Create | Villager (Male) |
| 11:35 | Create | Villager (Male) |
| 11:36 | Build | Farm |
| 11:44 | Create | Villager (Male) |
| 12:00 | Create | Archer |
| 12:01 | Create | Villager (Male) |
| 12:16 | Build | Blacksmith |
| 12:46 | Create | Archer |
| 12:47 | Create | Villager (Male) |
| 12:48 | Build | Farm |
| 13:00 | Research | Fletching |
| 13:00 | Research | Fletching |
| 13:21 | Build | Farm |
| 13:22 | Build | Farm |
| 13:26 | Research | Padded Archer Armor |
| 13:30 | Create | Archer |
| 13:32 | Create | Villager (Male) |
| 13:41 | Create | Villager (Male) |
| 13:43 | Build | Farm |
| 13:59 | Create | Archer |
| 13:59 | Create | Archer |
| 14:13 | Create | Villager (Male) |
| 14:15 | Build | Farm |
| 14:28 | Create | Archer |
| 14:37 | Create | Villager (Male) |
| 14:38 | Build | Farm |
| 14:56 | Build | Farm |
| 15:05 | Create | Villager (Male) |
| 15:15 | Create | Archer |
| 15:17 | Create | Villager (Male) |
| 15:18 | Build | Farm |
| 15:53 | Create | Villager (Male) |
| 16:03 | Build | Market |
| 16:12 | Create | Archer |
| 16:35 | Build | Palisade Wall |
| 16:47 | Build | Palisade Wall |
| 16:50 | Research | Castle Age |
| 16:50 | Research | Castle Age |
| 17:16 | Build | Archery Range |
| 17:17 | Build | Palisade Wall |
| 17:42 | Research | Gold Mining |
| 18:13 | Research | Horse Collar |
| 18:16 | Create | Archer |
| 18:29 | Create | Archer |
| 18:42 | Build | Lumber Camp |
| 18:55 | Create | Archer |
| 19:04 | Research | Wheelbarrow |
| 19:07 | Create | Archer |
| 19:08 | Create | Archer |
| 19:30 | Age | Castle Age |
| 19:32 | Research | Bodkin Arrow |
| 19:33 | Research | Crossbowman (upgrade) |
| 19:40 | Build | Siege Workshop |
| 19:43 | Create | Villager (Male) |
| 19:55 | Research | Bow Saw |
| 20:08 | Create | Archer |
| 20:08 | Create | Archer |
| 20:20 | Research | Town Watch |
| 20:20 | Research | Town Watch |
| 20:21 | Create | Villager (Male) |
| 20:41 | Create | Mangonel |
| 20:41 | Create | Mangonel |
| 20:49 | Build | Farm |
| 20:51 | Build | Palisade Wall |
| 20:53 | Create | Archer |
| 20:53 | Create | Archer |
| 20:57 | Create | Archer |
| 21:06 | Build | Farm |
| 21:19 | Create | Villager (Male) |
| 21:34 | Build | University |
| 21:36 | Create | Villager (Male) |
| 21:41 | Create | Archer |
Build order — Moneimon
First 150 of 182 actions detected
| 0:00 | Create | Villager (Male) |
| 0:00 | Create | Villager (Male) |
| 0:02 | Build | House |
| 0:02 | Build | House |
| 0:13 | Create | Villager (Male) |
| 0:13 | Create | Villager (Male) |
| 1:26 | Create | Villager (Male) |
| 1:55 | Create | Villager (Male) |
| 2:08 | Build | Lumber Camp |
| 2:20 | Create | Villager (Male) |
| 2:20 | Create | Villager (Male) |
| 2:54 | Create | Villager (Male) |
| 2:54 | Create | Villager (Male) |
| 3:19 | Create | Villager (Male) |
| 3:20 | Create | Villager (Male) |
| 3:55 | Build | House |
| 4:00 | Build | House |
| 4:03 | Create | Villager (Male) |
| 4:04 | Create | Villager (Male) |
| 4:33 | Create | Villager (Male) |
| 4:33 | Create | Villager (Male) |
| 4:34 | Create | Villager (Male) |
| 5:05 | Build | Barracks |
| 5:08 | Create | Villager (Male) |
| 5:16 | Create | Villager (Male) |
| 5:31 | Build | Palisade Wall |
| 5:45 | Create | Villager (Male) |
| 5:47 | Create | Villager (Male) |
| 6:03 | Build | House |
| 6:03 | Create | Militia |
| 6:03 | Create | Militia |
| 6:06 | Create | Militia |
| 6:19 | Build | Palisade Wall |
| 6:20 | Build | Palisade Wall |
| 6:29 | Create | Militia |
| 6:45 | Create | Villager (Male) |
| 7:06 | Create | Villager (Male) |
| 7:16 | Create | Villager (Male) |
| 7:29 | Research | Loom |
| 7:33 | Create | Villager (Male) |
| 7:41 | Build | Mill |
| 7:57 | Create | Villager (Male) |
| 8:16 | Create | Villager (Male) |
| 8:24 | Build | Farm |
| 8:28 | Create | Villager (Male) |
| 8:37 | Build | Farm |
| 8:39 | Build | Farm |
| 9:16 | Build | Mining Camp |
| 9:32 | Build | Palisade Wall |
| 9:38 | Research | Feudal Age |
| 9:38 | Research | Feudal Age |
| 10:16 | Build | Palisade Wall |
| 10:49 | Build | Farm |
| 11:24 | Build | Palisade Wall |
| 11:35 | Build | House |
| 11:48 | Age | Feudal Age |
| 11:49 | Create | Villager (Male) |
| 11:51 | Build | Archery Range |
| 11:56 | Build | Blacksmith |
| 12:01 | Create | Villager (Male) |
| 12:11 | Build | House |
| 12:13 | Build | House |
| 12:27 | Create | Villager (Male) |
| 12:46 | Build | Farm |
| 12:47 | Create | Archer |
| 12:57 | Create | Villager (Male) |
| 13:02 | Research | Fletching |
| 13:04 | Create | Villager (Male) |
| 13:09 | Build | Farm |
| 13:29 | Build | Watch Tower |
| 13:30 | Build | Farm |
| 13:31 | Create | Villager (Male) |
| 13:33 | Create | Archer |
| 13:42 | Create | Villager (Male) |
| 13:46 | Create | Archer |
| 13:48 | Create | Villager (Male) |
| 13:59 | Create | Villager (Male) |
| 14:07 | Build | Palisade Wall |
| 14:18 | Build | House |
| 14:21 | Create | Villager (Male) |
| 14:24 | Build | Farm |
| 14:45 | Create | Villager (Male) |
| 14:53 | Build | Farm |
| 15:04 | Create | Archer |
| 15:08 | Build | Market |
| 15:18 | Build | Farm |
| 16:11 | Build | Archery Range |
| 16:30 | Research | Castle Age |
| 16:30 | Research | Castle Age |
| 16:39 | Research | Horse Collar |
| 16:52 | Create | Archer |
| 17:04 | Research | Double-Bit Axe |
| 17:06 | Create | Archer |
| 17:06 | Create | Archer |
| 17:08 | Build | Farm |
| 17:15 | Build | Farm |
| 17:19 | Create | Archer |
| 17:53 | Create | Archer |
| 18:03 | Create | Archer |
| 18:07 | Create | Villager (Male) |
| 18:18 | Create | Archer |
| 18:52 | Create | Archer |
| 19:10 | Age | Castle Age |
| 19:12 | Research | Crossbowman (upgrade) |
| 19:12 | Research | Crossbowman (upgrade) |
| 19:12 | Research | Bodkin Arrow |
| 19:13 | Research | Bodkin Arrow |
| 19:16 | Create | Villager (Male) |
| 19:18 | Build | University |
| 19:21 | Create | Villager (Male) |
| 19:24 | Create | Archer |
| 19:40 | Create | Archer |
| 19:48 | Build | House |
| 19:50 | Build | Farm |
| 19:51 | Build | House |
| 19:54 | Create | Villager (Male) |
| 19:57 | Build | Farm |
| 19:58 | Build | House |
| 20:20 | Research | Ballistics |
| 20:23 | Create | Archer |
| 20:46 | Create | Villager (Male) |
| 20:47 | Create | Archer |
| 20:56 | Build | Lumber Camp |
| 21:02 | Create | Villager (Male) |
| 21:04 | Create | Archer |
| 21:04 | Create | Archer |
| 21:15 | Create | Archer |
| 21:15 | Create | Archer |
| 21:31 | Create | Villager (Male) |
| 21:32 | Create | Archer |
| 21:32 | Create | Archer |
| 21:46 | Research | Chemistry |
| 21:47 | Research | Chemistry |
| 22:01 | Create | Archer |
| 22:01 | Create | Archer |
| 22:07 | Create | Villager (Male) |
| 22:22 | Research | Town Watch |
| 22:22 | Research | Town Watch |
| 22:23 | Build | Farm |
| 22:24 | Create | Archer |
| 22:24 | Create | Archer |
| 22:48 | Create | Villager (Male) |
| 22:51 | Create | Villager (Male) |
| 22:51 | Build | Farm |
| 22:52 | Build | House |
| 22:57 | Research | Padded Archer Armor |
| 22:57 | Research | Padded Archer Armor |
| 23:05 | Create | Archer |
| 23:05 | Create | Archer |
| 23:10 | Build | Archery Range |
Match timeline
| 3:25 | LE | Dimo · wall_segment Palisade Wall x1 |
| 3:33 | LE | Dimo · wall_segment Palisade Wall x1 |
| 5:05 | Moneimon · first_building Barracks |
| 5:31 | Moneimon · wall_segment Palisade Wall x18 |
| 5:37 | LE | Dimo · first_building Barracks |
| 6:19 | Moneimon · wall_segment Palisade Wall x9 |
| 6:20 | Moneimon · wall_segment Palisade Wall x2 |
| 6:27 | LE | Dimo · wall_segment Palisade Wall x3 |
| 9:16 | LE | Dimo · age_up feudal |
| 9:18 | LE | Dimo · first_building Archery Range |
| 9:21 | LE | Dimo · wall_segment Palisade Wall x1 |
| 9:26 | LE | Dimo · wall_segment Palisade Wall x1 |
| 9:27 | LE | Dimo · wall_segment Palisade Wall x1 |
| 9:28 | LE | Dimo · wall_segment Palisade Wall x1 |
| 9:31 | LE | Dimo · wall_segment Palisade Wall x1 |
| 9:32 | Moneimon · wall_segment Palisade Wall x1 |
| 9:47 | LE | Dimo · wall_segment Palisade Wall x1 |
| 9:57 | LE | Dimo · wall_segment Palisade Wall x2 |
| 9:59 | LE | Dimo · wall_segment Palisade Wall x1 |
| 10:03 | LE | Dimo · wall_segment Palisade Wall x1 |
| 10:04 | LE | Dimo · wall_segment Palisade Wall x1 |
| 10:16 | LE | Dimo · wall_segment Palisade Wall x1 |
| 10:16 | Moneimon · wall_segment Palisade Wall x1 |
| 10:24 | LE | Dimo · wall_segment Palisade Wall x1 |
| 10:28 | LE | Dimo · wall_segment Palisade Wall x1 |
| 10:28 | LE | Dimo · wall_segment Palisade Wall x1 |
| 10:30 | LE | Dimo · wall_segment Palisade Wall x1 |
| 10:32 | LE | Dimo · wall_segment Palisade Wall x1 |
| 10:33 | LE | Dimo · wall_segment Palisade Wall x1 |
| 10:34 | LE | Dimo · wall_segment Palisade Wall x1 |
| 10:39 | LE | Dimo · wall_segment Palisade Wall x1 |
| 11:24 | Moneimon · wall_segment Palisade Wall x1 |
| 11:48 | Moneimon · age_up feudal |
| 11:51 | Moneimon · first_building Archery Range |
| 14:07 | Moneimon · wall_segment Palisade Wall x5 |
| 16:35 | LE | Dimo · wall_segment Palisade Wall x10 |
| 16:47 | LE | Dimo · wall_segment Palisade Wall x7 |
| 17:17 | LE | Dimo · wall_segment Palisade Wall x1 |
| 17:51 | LE | Dimo · first_market_sell 100 stone |
| 17:52 | LE | Dimo · first_market_buy 100 wood |
| 19:10 | Moneimon · age_up castle |
| 19:30 | LE | Dimo · age_up castle |
| 19:40 | LE | Dimo · first_building Siege Workshop |
| 20:51 | LE | Dimo · wall_segment Palisade Wall x3 |
| 20:54 | Moneimon · first_market_sell 100 food |
| 20:54 | Moneimon · first_market_buy 100 wood |
| 22:20 | LE | Dimo · wall_segment Palisade Wall x2 |
| 26:10 | Moneimon · resign |
[ AI ANALYSIS · 1 CREDIT ]
What really happened in this match?
Wolo.gg analyzes every decision: build order, eco, micro, common mistakes by bracket. Personalized analysis on WhatsApp or Discord in 30 seconds.
Civ guide
Huns
Perfil
Dimo